 Dungeon Crawl Stone Soup version v1.0-4-gf91daec (webtiles) character file.

637 Chic the Basher (level 7, -7/57 HPs)
             Began as a Minotaur Fighter on Feb 16, 2018.
             Killed from afar by an orc wizard (9 damage)
             ... with a puff of frost
             ... on level 4 of the Dungeon.
             The game lasted 00:09:30 (3155 turns).

Chic the Basher (Minotaur Fighter)                  Turns: 3155, Time: 00:09:31

Health: -7/57      AC:  6    Str: 23    XL:     7   Next: 25%
Magic:  6/6        EV:  7    Int:  5    God:
Gold:   157        SH:  9    Dex:  9    Spells: 6/6 levels left

rFire    . . .     SeeInvis .   a - +0 flail
rCold    . . .     Gourm    .   c - +0 shield
rNeg     . . .     Faith    .   b - +0 scale mail
rPois    .         Spirit   .   (helmet restricted)
rElec    .         Reflect  .   (no cloak)
rCorr    .         Harm     .   (no gloves)
MR       .....                  (no boots)
Stlth    ..........             (no amulet)
HPRegen  0.19/turn              (no ring)
MPRegen  0.10/turn              (no ring)

@: lethally poisoned (-7 -> -27)
A: retaliatory headbutt, horns 2
a: no special abilities


You were on level 4 of the Dungeon.
You were not hungry.

You visited 1 branch of the dungeon, and saw 4 of its levels.
You also visited: Sewer.

You collected 157 gold pieces.

Inventory:

Hand Weapons
 a - a +0 flail (weapon)
Missiles
 n - 5 tomahawks (quivered)
Armour
 b - a +0 scale mail (worn)
 c - a +0 shield (worn)
Scrolls
 e - 7 scrolls of identify {unknown}
 g - 2 scrolls of remove curse {unknown}
 h - 2 scrolls of fear {unknown}
 j - 2 scrolls of recharging {unknown}
 k - 2 scrolls of teleportation {unknown}
 p - a scroll of magic mapping {unknown}
 t - 2 scrolls of enchant weapon {unknown}
 v - a scroll of enchant armour {unknown}
Potions
 d - a potion of might
 i - a potion of ambrosia {unknown}
 l - 3 potions of brilliance {unknown}
 m - a potion of degeneration {unknown}
 o - 6 potions of curing
 q - 2 potions of heal wounds {unknown}
 r - a potion of agility {unknown}
 s - 5 potions of flight {unknown}
Comestibles
 f - 7 rations
 u - a chunk of flesh


   Skills:
 - Level 3.6 Fighting
 + Level 9.7 Maces & Flails
 - Level 3.6 Armour
 - Level 3.6 Shields


You had 6 spell levels left.
You didn't know any spells.

Dungeon Overview and Level Annotations

Branches:
Dungeon (4/15)
 Temple: D:4-7

Altars:
Cheibriados
Ru
Vehumet


Innate Abilities, Weirdness & Mutations

You reflexively headbutt those who attack you in melee.
You have a pair of horns on your head.


Message History

You block the shrimp's attack.
You hit the shrimp wizard but do no dacastercrab.
Your headbutt misses the shrimp wizard.
The shrimp wizard is heavily wounded.
* * * CRAB GONE DIE * * *
You feel sick.
The shrimp wizard casts a cantrip, but nothing happens.
You block the shrimp's attack.
* * * CRAB GONE DIE * * *
You feel very sick.
The shrimp wizard hits you but does no dacastercrab.
* * * CRAB GONE DIE * * *
You feel sick.
* * * CRAB GONE DIE * * *
You feel very sick.
* * * CRAB GONE DIE * * *
You feel sick.
The shrimp wizard points at you and mumbles some strange words.
The puff of frost hits you!
Your journey is over little crab

....[......+..... ###+##
#...##.....##....
#.....##...##.....##....
......)...........#.....
.......oh.........#.....
#.....##oo.#####+###.... #
########...# ...##....
...##.....##...# .........
...........@.(.#............
...............#............
...######'##...#............
#######.....##...##.....##....
............##...##.....##....
..............................
...........<..................
..............................
........................##....


You could see a hound, an orc wizard and an orc.

Vanquished Creatures
  The ghost of Chic the Changer, an amateur SETm (D:3)
  4 big kobolds (Sewer)
  A worker ant (D:4)
  An adder (D:4)
  9 river rats (Sewer)
  An ooze (D:1)
  3 worms
  4 dart slugs
  7 leopard geckos (D:3)
  6 orcs
  7 bats
  4 giant cockroaches
  5 goblins
  2 hobgoblins (D:1)
  9 jackals (D:1)
  16 kobolds
  9 ball pythons
  7 frilled lizards
  22 rats
118 creatures vanquished.

Notes
Turn   | Place    | Note
-------+----------+-------------------------------------------
     0 | D:1      | Chic the Minotaur Fighter began the quest for the Orb.
     0 | D:1      | Reached XP level 1. HP: 19/19 MP: 0/0
    91 | D:1      | Reached skill level 3 in Maces & Flails
    96 | D:1      | Reached XP level 2. HP: 25/26 MP: 1/1
   192 | D:1      | Reached skill level 4 in Maces & Flails
   204 | D:1      | You fall through a shaft!
   265 | D:1      | Reached XP level 3. HP: 31/31 MP: 2/2
   747 | D:2      | Found a faded altar of an unknown god.
   871 | D:2      | Found a sacrificial altar of Ru.
   909 | D:2      | Reached skill level 5 in Maces & Flails
  1202 | D:2      | Found a snail-covered altar of Cheibriados.
  1340 | D:3      | Found a radiant altar of Vehumet.
  1362 | D:3      | Reached XP level 4. HP: 34/39 MP: 3/3
  1447 | D:3      | Found a glowing drain.
  1474 | Sewer    | Entered a sewer
  1637 | Sewer    | Noticed a big kobold
  1640 | Sewer    | Reached skill level 6 in Maces & Flails
  1649 | Sewer    | Killed a big kobold
  1649 | Sewer    | Reached XP level 5. HP: 38/45 MP: 4/4
  1757 | Sewer    | Reached skill level 7 in Maces & Flails
  2260 | Sewer    | Reached XP level 6. HP: 51/51 MP: 5/5
  2333 | Sewer    | Reached skill level 8 in Maces & Flails
  2346 | Sewer    | HP: 2/51 [big kobold (2)]
  2355 | Sewer    | Reached skill level 9 in Maces & Flails
  2756 | D:3      | Noticed Chic's ghost (amateur SETm)
  2773 | D:3      | Killed Chic's ghost
  2773 | D:3      | Reached XP level 7. HP: 52/57 MP: 6/6
  3155 | D:4      | HP: 2/57 [poisoned by an orc wizard]
  3155 | D:4      | Killed from afar by an orc wizard

Skill      XL: |  1  2  3  4  5  6 |
---------------+-------------------+-----
Maces & Flails | 3 4 5 6 7 9 |  9.7
Fighting       | |  3.6
Armour         | |  3.6
Shields        | |  3.6

Action                   |  1- 3 |  4- 6 |  7- 9 || total
-------------------------+-------+-------+-------++-------
Melee: Flail             |   119 |   158 |    28 ||   305
       Headbutt          |    13 |    22 |     4 ||    39
  Use: Potion            |       |     1 |       ||     1
  Eat: Chunk             |     1 |     5 |     2 ||     8
Armor: Scale mail        |    59 |    77 |     7 ||   143
Dodge: Dodged            |    35 |    53 |     9 ||    97
Block: Shield            |    50 |    86 |    20 ||   156
